 Dungeon Crawl Stone Soup version 0.26-a0-649-gf8c6c3aab7 (webtiles) character file.

Game seed: 13905573037303958208

65498 oldriver the Bludgeoner (level 15, -12/99 HPs)
             Began as a Gargoyle Fighter on Sept 27, 2020.
             Was the Champion of Qazlal.
             Mangled by a spatial vortex (15 damage)
             ... summoned by a spatial maelstrom
             ... on level 2 of the Abyss.
             The game lasted 00:50:31 (24594 turns).

oldriver the Bludgeoner (Gargoyle Fighter)         Turns: 24594, Time: 00:50:32

Health: -12/99     AC: 42    Str: 22    XL:     15   Next: 16%
Magic:  0/13       EV: 16    Int:  8    God:    Qazlal [******]
Gold:   1488       SH: 20    Dex: 10    Spells: 14/14 levels left

rFire    . . .     SeeInvis .   q - +2 flail (protect)
rCold    . . .     Faith    .   K - -2 kite shield "Qaajaxo" {rC- Int+5 Slay+2}
rNeg     + . .     Spirit   +   H - +3 plate armour
rPois    ∞         Reflect  .   (no helmet)
rElec    +         Harm     .   z - +0 cloak
rCorr    .         Rampage  .   k - +0 pair of gloves
MR       +....                  h - +1 pair of boots
Stlth    ..........             j - amulet of guardian spirit
HPRegen  0.26/turn              o - +4 ring of evasion
MPRegen  0.13/turn              r - ring "Tahurun" {rC+ EV+4 Int-5 Slay+2}

@: protection aura, repel missiles
A: big wings, thin metallic scales 1, [blurry vision 2], [clumsy 2], low mp 1,
negative energy resistance 1, electricity resistance, unbreathing, petrification
resistance, rot immunity, AC +11
a: Fly, Upheaval, Elemental Force, Disaster Area, Renounce Religion


You were on level 2 of the Abyss.
You worshipped Qazlal.
Qazlal was exalted by your worship.
You visited 3 branches of the dungeon, and saw 20 of its levels.
You visited the Abyss 2 times.
You also visited: Gauntlet and Ice Cave.

You collected 1818 gold pieces.
You spent 330 gold pieces at shops.

Inventory:

Hand Weapons
 q - a +2 flail of protection (weapon)
Missiles
 l - 3 throwing nets (quivered)
Armour
 c - a +0 kite shield
 h - a +1 pair of boots (worn)
 k - a +0 pair of gloves (worn)
 s - a +2 leather armour of fire resistance
 z - a +0 cloak (worn)
 H - a +3 plate armour (worn)
 K - the -2 kite shield "Qaajaxo" (worn) {rC- Int+5 Slay+2}
   (You bought it in a shop on level 2 of the Orcish Mines)

   It affects your intelligence (+5).
   It affects your accuracy and damage with ranged weapons and melee attacks
   (+2).
   It makes you vulnerable to cold.
Jewellery
 d - an uncursed ring of resist corrosion
 j - an amulet of guardian spirit (around neck)
 o - a +4 ring of evasion (left hand)
 r - the ring "Tahurun" (right hand) {rC+ EV+4 Int-5 Slay+2}
   (You found it in a Gauntlet)

   [ring of evasion]

   It affects your evasion (+4).
   It affects your intelligence (-5).
   It affects your accuracy and damage with ranged weapons and melee attacks
   (+2).
   It protects you from cold.
 v - an uncursed ring of wizardry
 B - an uncursed ring of ice
 L - an uncursed ring of resist corrosion
 N - a +4 ring of protection
Wands
 n - a wand of polymorph (29)
 y - a wand of random effects (19)
 D - a wand of iceblast (15)
 E - a wand of flame (47)
 I - a wand of enslavement (5)
 P - a wand of paralysis (10)
Scrolls
 b - 3 scrolls of amnesia
 e - 10 scrolls of remove curse
 f - 16 scrolls of identify
 g - 4 scrolls of blinking
 i - 3 scrolls of teleportation
 m - 2 scrolls of enchant weapon
 u - 2 scrolls of fear
 x - 5 scrolls of enchant armour
 G - a scroll of summoning
 Q - a scroll of silence {unknown}
Potions
 p - 2 potions of mutation
 A - a potion of brilliance
 C - a potion of stabbing
 J - 2 potions of lignification
 O - 2 potions of might
Miscellaneous
 M - a box of beasts (2/3)


   Skills:
 * Level 13.2 Fighting
 * Level 16.0 Maces & Flails
 + Level 9.8 Armour
 + Level 2.8 Dodging
 + Level 1.7 Stealth
 + Level 15.1 Shields


You had 14 spell levels left.
You didn't know any spells.
Your spell library contained the following spells:

 Spells                   Type           Power        Failure   Level
 Magic Dart               Conj           #...         99%         1
 Sandblast                Erth           #.....       99%         1
 Sting                    Tmut/Pois      #...         99%         1
 Blink                    Tloc           N/A          100%        2
 Call Imp                 Summ           #.......     100%        2
 Passwall                 Tmut/Erth      #.......     100%        2
 Poisonous Vapours        Pois/Air       #.....       100%        2
 Searing Ray              Conj           #.....       100%        2
 Slow                     Hex            #.......     100%        2
 Conjure Flame            Conj/Fire      #.......     100%        3
 Dazzling Flash           Conj/Hex       #.....       100%        3
 Ignite Poison            Fire/Tmut/Pois #.......     100%        3
 Mephitic Cloud           Conj/Pois/Air  #.......     100%        3
 Stone Arrow              Conj/Erth      #.....       100%        3
 Fulminant Prism          Conj/Hex       #.........   100%        4
 Iskenderun's Mystic Bla  Conj/Tloc      #.......     100%        4
 Olgreb's Toxic Radiance  Pois           #.......     100%        4
 Petrify                  Tmut/Erth      #.......     100%        4
 Lee's Rapid Deconstruct  Erth           #.........   100%        5
 Freezing Cloud           Conj/Ice/Air   #.........   100%        6


Dungeon Overview and Level Annotations

Branches:
Dungeon (12/15)            Temple (0/1) D:6            Lair (6/6) D:10
  Swamp (0/4) Lair:2        Snake (0/4) Lair:4        Slime (0/5) Lair:5
    Orc (2/2) D:9             Elf (0/3) Orc:2         IceCv (visited)
Gauntlet (visited)

Altars:
Cheibriados
Dithmenos
Fedhas
Hepliaklqana
Nemelex Xobeh
Okawaru
Qazlal
Vehumet
Yredelemnul
Zin
The Shining One
Beogh
Jiyva

Shops:
D:8 (   Orc:1 *   Orc:2 [}(!

Annotations:
D:3 1 runed translucent door, Crazy Yiuf
D:11 Sonja
Lair:5 1 runed translucent door


Innate Abilities, Weirdness & Mutations

You are resistant to torment.
Your stone body is resilient. (AC +11)
You are immune to poison.
Your large and strong wings let you fly indefinitely.
You resist negative energy. (rN+)
You are resistant to electric shocks. (rElec)
You can survive without breathing.
You are immune to petrification.
You are immune to rotting.
You are partially covered in thin metallic scales. (AC +2)
Your magical capacity is low. (-10% MP)
[Scrolls take you longer to read.]
[You are very clumsy. (Dex -4)]


Message History

* * * LOW HITPOINT WARNING * * *
You block the spatial maelstrom's attack. x2
The ufetubus is engulfed in blazing flames.
You kill the ufetubus!
The wretched star pulses with an eldritch light!
You feel clumsy. x2
The large abomination barely misses you.
You barely miss the large abomination.
The large abomination is almost destroyed.
You block the spatial maelstrom's attack. x2
The spatial maelstrom hits you but does no damage.
The spatial maelstrom barely misses you.
The spatial vortex is engulfed in blazing flames.
The spatial maelstrom hits you but does no damage. x2
You hit the large abomination but do no damage.
The large abomination is almost destroyed.
The spatial maelstrom hits you but does no damage.
You block the spatial maelstrom's attack.
The spatial vortex hits you!
You die...

. .# #. . .
.### ## #....
#$. .#.. # X
..# .#...###X#
. .......#@#
.. #... #vvv.#
#.# #XR5###..#
..# #..v.#*. #
) .
#...###v.## #
.. ..
#..##.#..#3#
.. .# .## #
##.#25...#.#..
# .#
#...........
.. ##
#...v#..#..


You could see 2 spatial maelstroms, a wretched star, 3 spatial vortices, a
thrashing horror, a large abomination, an efreet and an ufetubus (summoned).

Vanquished Creatures
  A tentacled starspawn (Abyss:1)
  2 orc warlords
  A very ugly thing (Abyss:1)
  A minotaur (Gauntlet)
  Nessos (Lair:4)
  Josephine (D:11)
  6 hydras
  Erolcha (D:9)
  Harold (Lair:1)
  3 two-headed ogres
  A thrashing horror (Abyss:1)
  Nergalle (Lair:2)
  2 sixfirhies
  An ugly thing (D:12)
  An orc knight (Orc:1)
  The ghost of iamoutofideas the Chiller, a novice GnIE (D:5)
  6 orc sorcerers
  2 cyclopes (Orc:2)
  A moth of wrath (Gauntlet)
  A smoke demon (Abyss:1)
  A rust devil (Abyss:1)
  3 black mambas
  3 ice statues
  14 cane toads
  A gargoyle (D:11)
  6 rime drakes
  9 komodo dragons
  An efreet (Abyss:1)
  An ancient zyme (Abyss:1)
  4 polar bears
  A troll (D:11)
  Prince Ribbit (D:7)
  Grinder (D:3)
  3 large abominations (Abyss:1)
  8 blink frogs
  9 hippogriffs
  A spriggan (Lair:2)
  48 yaks
  4 redbacks (Gauntlet)
  4 wyverns
  4 wraiths (D:11)
  4 basilisks
  Menkaure (D:5)
  9 wargs
  5 nagas (Lair:4)
  8 vampire mosquitoes
  Edmund (D:5)
  A soldier ant (D:11)
  A hell hound (Lair:6)
  Duvessa (D:5)
  12 water moccasins
  7 porcupines
  35 orc warriors
  16 ice beasts
  3 black bears
  5 sky beasts
  Purgy (D:3)
  2 phantoms
  5 ogres
  3 wolves (Lair:2)
  5 centaurs
  11 crocodiles
  A big kobold (D:7)
  3 bullfrogs
  A gnoll sergeant (D:8)
  Dowan (D:5)
  5 small abominations (Abyss:1)
  3 scorpions
  10 killer bees (D:7)
  17 wights
  5 howler monkeys
  5 electric eels
  2 quasits
  3 hounds
  2 centaur skeletons
  2 jellies
  28 orc priests
  36 orc wizards
  A bullfrog skeleton (D:8)
  A gnoll shaman (Orc:2)
  An iguana (D:6)
  Terence (D:3)
  8 worker ants
  2 hound skeletons
  10 gnolls
  A worker ant zombie (D:5)
  10 adders
  2 shadow imps
  2 white imps
  8 ufetubi
  An ooze (D:5)
  An adder zombie (D:8)
  2 adder skeletons
  2 worms
  9 dart slugs
  6 leopard geckos
  127 orcs
  11 bats
  5 giant cockroaches
  10 goblins
  10 hobgoblins
  10 jackals
  12 kobolds
  2 frilled lizards (D:2)
  13 rats
  A starspawn tentacle (Abyss:3)
691 creatures vanquished.

Vanquished Creatures (collateral kills)
  A starcursed mass (Abyss:1)
  An ufetubus (Abyss:1)
2 creatures vanquished.

Vanquished Creatures (others)
  A water elemental (Abyss:3)
  An orc priest (Orc:1)
  20 fungi
  23 plants
  20 starspawn tentacles
  14 withered plants (Gauntlet)
79 creatures vanquished.

Grand Total: 772 creatures vanquished

Notes
Turn   | Place    | Note
-------+----------+-------------------------------------------
     0 | D:1      | oldriver the Gargoyle Fighter began the quest for the Orb.
     0 | D:1      | Reached XP level 1. HP: 14/14 MP: 1/1
   214 | D:1      | Reached XP level 2. HP: 19/19 MP: 2/2
   493 | D:1      | Reached XP level 3. HP: 22/23 MP: 3/3
  1147 | D:2      | Reached skill level 3 in Maces & Flails
  1193 | D:1      | Reached XP level 4. HP: 10/29 MP: 4/4
  2187 | D:2      | Reached XP level 5. HP: 33/33 MP: 5/5
  2238 | D:2      | Found a blossoming altar of Fedhas.
  2400 | D:3      | Noticed Purgy
  2411 | D:3      | Killed Purgy
  2411 | D:3      | Reached skill level 4 in Maces & Flails
  2531 | D:3      | Found an iron altar of Okawaru.
  2535 | D:3      | Found a glowing silver altar of Zin.
  2722 | D:3      | Noticed Terence
  2746 | D:3      | Killed Terence
  2746 | D:3      | Reached XP level 6. HP: 36/38 MP: 6/6
  2837 | D:3      | Found a runed translucent door.
  2838 | D:3      | Noticed Crazy Yiuf
  2901 | D:3      | Noticed Grinder
  3044 | D:3      | Paralysed by Grinder for 7 turns
  3057 | D:3      | Killed Grinder
  3057 | D:3      | Reached skill level 5 in Maces & Flails
  3057 | D:3      | Reached skill level 1 in Dodging
  3057 | D:3      | Reached XP level 7. HP: 18/44 MP: 3/7
  3377 | D:3      | Found a shadowy altar of Dithmenos.
  3390 | D:3      | Found a stormy altar of Qazlal.
  3579 | D:3      | Became a worshipper of Qazlal Stormbringer
  3793 | D:4      | Reached skill level 6 in Maces & Flails
  4170 | D:5      | Entered Level 5 of the Dungeon
  4170 | D:5      | Noticed Edmund
  4209 | D:5      | Noticed Menkaure
  4220 | D:4      | Gained mutation: Your magical capacity is low. (-10% MP)
                  | [potion of mutation]
  4220 | D:4      | Gained mutation: You are partially covered in thin metallic
                  | scales. (AC +2) [potion of mutation]
  4769 | D:5      | Reached * piety under Qazlal
  4966 | D:5      | Reached skill level 5 in Fighting
  4966 | D:5      | Reached XP level 8. HP: 49/49 MP: 7/7
  5030 | D:5      | Killed Edmund
  5030 | D:5      | Reached skill level 7 in Maces & Flails
  5070 | D:5      | Killed Menkaure
  5136 | D:5      | Noticed Duvessa
  5154 | D:5      | Noticed Dowan
  5156 | D:5      | Killed Duvessa
  5156 | D:5      | Reached skill level 5 in Shields
  5166 | D:5      | Killed Dowan
  5698 | D:5      | Found a sparkling altar of Nemelex Xobeh.
  5798 | D:6      | Reached skill level 8 in Maces & Flails
  6177 | D:6      | Found a staircase to the Ecumenical Temple.
  6183 | D:6      | Reached XP level 9. HP: 50/55 MP: 8/8
  6204 | D:6      | Reached ** piety under Qazlal
  6503 | D:6      | Reached skill level 9 in Maces & Flails
  6606 | D:6      | Found a hazy altar of Hepliaklqana.
  6800 | D:6      | Found a runed translucent gate.
  6800 | D:6      | Noticed iamoutofideas's ghost (novice GnIE)
  6834 | D:6      | Found a runed translucent gate.
  6834 | D:6      | Found a runed translucent gate.
  6836 | D:6      | Found a roughly hewn altar of Beogh.
  7393 | D:7      | Reached skill level 5 in Armour
  7415 | D:7      | Reached *** piety under Qazlal
  7537 | D:7      | Reached skill level 10 in Maces & Flails
  7861 | D:7      | Reached XP level 10. HP: 57/63 MP: 9/9
  8182 | D:7      | Noticed Prince Ribbit
  8189 | D:7      | Killed Prince Ribbit
  8189 | D:7      | Reached skill level 11 in Maces & Flails
  8204 | D:7      | Found a glowing golden altar of the Shining One.
  8206 | D:7      | Noticed an angel
  8374 | D:7      | Found a basalt altar of Yredelemnul.
  8376 | D:7      | Noticed a profane servitor
  8715 | D:8      | Reached **** piety under Qazlal
  9022 | D:8      | Found Suqag's Weapon Shoppe.
  9504 | D:5      | Killed iamoutofideas's ghost
  9867 | D:9      | Reached skill level 12 in Maces & Flails
  9867 | D:9      | Reached XP level 11. HP: 49/69 MP: 8/9
 10170 | D:9      | Noticed a two-headed ogre
 10186 | D:9      | Killed a two-headed ogre
 10218 | D:9      | Reached skill level 1 in Stealth
 10268 | D:9      | Reached ***** piety under Qazlal
 10273 | D:9      | Found a staircase to the Orcish Mines.
 10283 | D:9      | Found a stormy altar of Qazlal.
 10326 | D:9      | Noticed Erolcha
 10345 | D:9      | Killed Erolcha
 10479 | D:9      | Found a hazy altar of Hepliaklqana.
 11034 | D:10     | Entered Level 10 of the Dungeon
 11073 | D:10     | Noticed a two-headed ogre
 11086 | D:10     | Killed a two-headed ogre
 11282 | D:10     | Found a staircase to the Lair.
 11882 | Orc:1    | Entered Level 1 of the Orcish Mines
 11897 | Orc:1    | Noticed an orc sorcerer
 11905 | Orc:1    | Paralysed by an orc sorcerer for 3 turns
 11907 | Orc:1    | Killed an orc sorcerer
 11907 | Orc:1    | Reached skill level 13 in Maces & Flails
 11960 | Orc:2    | Entered Level 2 of the Orcish Mines
 11970 | Orc:2    | Found a roughly hewn altar of Beogh.
 11977 | Orc:2    | Noticed a cyclops
 12157 | Orc:2    | Noticed a cyclops
 12168 | Orc:2    | Killed a cyclops
 12177 | Orc:2    | Killed a cyclops
 12282 | Orc:2    | Found a frozen archway.
 12291 | IceCv    | Entered an ice cave
 12299 | IceCv    | Reached XP level 12. HP: 50/77 MP: 1/10
 12308 | IceCv    | Reached skill level 10 in Shields
 12690 | IceCv    | Reached skill level 10 in Fighting
 12726 | IceCv    | Noticed an ice dragon
 12727 | IceCv    | Noticed an ice dragon
 12750 | IceCv    | HP: 3/77 [ice dragon (3)]
 13029 | Orc:2    | HP: 1/77 [orc priest/divine providence (6)]
 13066 | Orc:1    | Found Xatra's Assorted Antiques.
 13073 | Orc:1    | Bought a scroll labeled ZUIDUR MUZOT for 37 gold pieces
 13073 | Orc:1    | Bought a scroll labeled SIURYU TORCHUPN for 37 gold pieces
 13453 | Lair:1   | Entered Level 1 of the Lair of Beasts
 13522 | Lair:1   | Noticed Harold
 13549 | Lair:1   | Killed Harold
 13745 | Lair:1   | Reached skill level 14 in Maces & Flails
 13747 | Lair:1   | Reached ****** piety under Qazlal
 14624 | Lair:2   | Noticed a four-headed hydra
 14633 | Lair:2   | Noticed Nergalle
 14641 | Lair:1   | Killed a four-headed hydra
 14641 | Lair:1   | Reached XP level 13. HP: 78/84 MP: 9/11
 14724 | Lair:2   | Killed Nergalle
 15012 | Lair:2   | Found a staircase to the Swamp.
 17510 | Lair:4   | Found a staircase to the Snake Pit.
 17569 | Lair:4   | Noticed Nessos
 17592 | Lair:4   | Killed Nessos
 18126 | Lair:5   | Found a runed translucent door.
 18127 | Lair:5   | Found a viscous altar of Jiyva.
 18127 | Lair:5   | Noticed an azure jelly
 18127 | Lair:5   | Noticed an azure jelly
 18132 | Lair:5   | Found a gate leading to a gauntlet.
 18148 | Gauntlet | Entered a Gauntlet
 18148 | Gauntlet | Found a transporter.
 18148 | Gauntlet | Found a transporter.
 18151 | Gauntlet | Found a transporter.
 18151 | Gauntlet | Found a transporter.
 18154 | Gauntlet | Found a transporter.
 18154 | Gauntlet | Found a transporter.
 18186 | Gauntlet | Found a transporter.
 18190 | Gauntlet | Found a transporter.
 18204 | Gauntlet | Found a transporter.
 18300 | Gauntlet | Found a transporter.
 18304 | Gauntlet | Found a transporter.
 18316 | Gauntlet | Found a transporter.
 18404 | Gauntlet | Reached skill level 15 in Maces & Flails
 18442 | Gauntlet | Gained mutation: Your large and strong wings let you fly
                  | indefinitely. [Gargoyle growth]
 18442 | Gauntlet | Reached XP level 14. HP: 52/91 MP: 5/12
 18734 | Gauntlet | Got a scintillating platinum ring
 18738 | Gauntlet | Identified the ring "Tahurun" {rC+ EV+4 Int-5 Slay+2} (You
                  | found it in a Gauntlet)
 18853 | Gauntlet | Got an encrusted helmet
 18885 | Lair:5   | Identified the -5 helmet of Supple Strength {Harm Str+4}
                  | (You found it in a Gauntlet)
 19577 | Lair:5   | Found a staircase to the Slime Pits.
 19735 | Lair:6   | Entered Level 6 of the Lair of Beasts
 20613 | Orc:2    | Noticed an orc warlord
 20860 | Orc:1    | Killed an orc warlord
 21461 | Orc:2    | Found a roughly hewn altar of Beogh.
 21652 | Orc:2    | Found a roughly hewn altar of Beogh.
 21729 | Orc:2    | Paralysed by an orc sorcerer for 7 turns
 21787 | Orc:2    | Found Duneses's Distillery.
 22124 | Orc:2    | Found a roughly hewn altar of Beogh.
 22125 | Orc:2    | Found Lymypnue's Gadget Shoppe.
 22183 | Orc:2    | Found a staircase to the Elven Halls.
 22276 | Orc:2    | Found a roughly hewn altar of Beogh.
 22507 | Orc:2    | Noticed an orc warlord
 22559 | Orc:2    | Killed an orc warlord
 22639 | Orc:2    | Found Sifomyil's Antique Armour Shop.
 22641 | Orc:2    | Found Oriabloi's Antique Weapon Boutique.
 22641 | Orc:2    | Found a roughly hewn altar of Beogh.
 22692 | Orc:2    | Bought a polished kite shield for 256 gold pieces
 22740 | Orc:2    | Identified the -2 kite shield "Qaajaxo" {rC- Int+5 Slay+2}
                  | (You bought it in a shop on level 2 of the Orcish Mines)
 23153 | D:11     | Noticed Josephine
 23166 | D:11     | Killed Josephine
 23222 | D:11     | Found a radiant altar of Vehumet.
 23591 | D:11     | Found a snail-covered altar of Cheibriados.
 23698 | D:12     | Noticed Sonja
 23734 | D:12     | Cast into level 2 of the Abyss (Sonja)
 23809 | Abyss:2  | Noticed a bone dragon
 23867 | Abyss:3  | Noticed a starcursed mass
 23904 | Abyss:3  | Noticed a tentacled starspawn
 23908 | Abyss:3  | Noticed a green very ugly thing
 23908 | Abyss:3  | Noticed a starcursed mass
 23910 | Abyss:3  | Noticed a red very ugly thing
 23916 | Abyss:3  | Noticed a starcursed mass
 23934 | D:12     | Escaped the Abyss
 23949 | D:11     | Cast into level 1 of the Abyss (Sonja)
 23970 | Abyss:1  | Noticed a starcursed mass
 24059 | Abyss:1  | Reached XP level 15. HP: 28/78 MP: 8/13
 24221 | Abyss:1  | Reached skill level 15 in Shields
 24226 | Abyss:1  | Noticed a tentacled starspawn
 24350 | Abyss:1  | Noticed a tentacled starspawn
 24433 | Abyss:1  | Noticed a tentacled starspawn
 24453 | Abyss:1  | Killed a tentacled starspawn
 24453 | Abyss:1  | Reached skill level 16 in Maces & Flails
 24454 | Abyss:1  | Noticed a bone dragon
 24454 | Abyss:1  | Noticed a lich
 24549 | Abyss:2  | Noticed a tentacled starspawn
 24592 | Abyss:2  | HP: 2/99 [spatial maelstrom (18)]
 24594 | Abyss:2  | Mangled by a spatial vortex

Illustrated notes

Levels and vault maps discovered:
D:1:      nzn_arrival_depleted_hourglass, layout_basic
D:2:      layout_basic, fedhas_ov_isle_minmay
D:3:      layout_loops_ring, amethyst_overflow_temple_binary,
          nicolae_overflow_hidden_temple, uniq_purgy, uniq_crazy_yiuf_cottage,
          uniq_grinder, uniq_terence
D:4:      layout_basic
D:5:      layout_loops_cross, lemuel_round_altar, uniq_edmund, uniq_menkaure,
          uniq_duvessa
D:6:      layout_loops_ring, minmay_temple_entry_glassed_door, basic_altar,
          biasface_ghost_orc_armoury
D:7:      kennysheep_slugbush, layout_loops_cross,
          grunt_temple_overflow_holy_war, uniq_prince_ribbit1
D:8:      layout_gridville, serial_shops, nicolae_shop_waterfront
D:9:      cheibrodos_helix_gallery, layout_small_grid, lemuel_round_altar,
          minmay_orc_entry_guard_dogs, basic_altar, uniq_erolcha
D:10:     layout_loops_ring, lair_entry_dummy
D:11:     lemuel_upstairs_altar, layout_long_grid, basic_altar,
          cheibriados_altar_1, uniq_josephine
D:12:     layout_rooms, uniq_sonja, uniq_rupert
Lair:1:   layout_regular_city, beast_lair_carwin_9, uniq_harold
Lair:2:   layout_regular_city, minmay_swamp_entry_swarm, forest_entry_grove,
          uniq_nergalle
Lair:3:   layout_cave_pods, serial_bayou_lagoon_b, serial_bayou_shore_a,
          grunt_megastairs_4
Lair:4:   layout_layer_cave, minmay_snake_entry_guardpost_medium, uniq_nessos
Lair:5:   layout_small_grid, slime_altar_2, gauntlet_entry_generic
Lair:6:   cheibrodos_lair_end_hotspot, layout_gridlike
Orc:1:    layout_diamond_mine, serial_shops, shop, enter_volcano_1
Orc:2:    grunt_orc_community_town_hall, layout_diamond_mine,
          grunt_orc_community_big_house_2, grunt_orc_community_big_house_1,
          grunt_orc_community_house_3, grunt_orc_community_house_1,
          grunt_orc_community_house_2, grunt_orc_community_house_1,
          grunt_orc_community_house_2, grunt_orc_community_house_3,
          portal_ice_cave_entry_pillars_1, minmay_orc_temple_b
Abyss:2:  base: D:1, base:
D:13

Skill      XL: |  1  2  3  4  5  6  7  8  9 10 11 12 13 14 15 |
---------------+----------------------------------------------+-----
Maces & Flails | 3 4 5 6 8 10 12 13 14 15 16 | 16.0
Fighting       | 4 5 7 8 9 10 11 13 | 13.2
Shields        | 4 5 6 8 9 11 13 14 15 | 15.1
Armour         | 4 5 6 7 8 9 |  9.8
Dodging        | 1 2 |  2.8
Stealth        | 1 |  1.7

Action                   |  1- 3 |  4- 6 |  7- 9 | 10-12 | 13-15 || total
-------------------------+-------+-------+-------+-------+-------++-------
Melee: Flail             |   120 |   159 |   640 |   974 |  1374 ||  3267
Invok: Upheaval          |       |       |       |     1 |     1 ||     2
Evoke: Box of beasts     |       |       |       |       |     2 ||     2
  Use: Potion            |       |     3 |     6 |    17 |     9 ||    35
       Scroll            |       |       |     6 |    15 |     8 ||    29
Armor: Scale mail        |    70 |    96 |    85 |       |       ||   251
       Plate armour      |       |       |   305 |   394 |   583 ||  1282
Dodge: Dodged            |    36 |    41 |   138 |   122 |   423 ||   760
       Repelled          |       |       |       |     2 |    10 ||    12
Block: Kite shield       |    56 |    65 |   443 |   756 |  1421 ||  2741

Table legend: (Time is in decaauts)
 A = Elapsed time spent in this place.
 B = Non-inter-level travel time spent in this place.
 C = Inter-level travel time spent in this place.
 D = Time resting spent in this place.
 E = Time spent auto-exploring this place.
 F = Levels seen in this place.
 G = Mean time per level.
                   A        B        C        D        E       F      G
               +--------+--------+--------+--------+--------+-----+--------+
         Total |  24236 |  22891 |   1345 |   4430 |  12286 |  26 |  932.2 |
       Dungeon |  12849 |  12017 |    832 |   2223 |   6900 |  12 | 1070.8 |
          Lair |   6283 |   5892 |    391 |    760 |   3966 |   6 | 1047.2 |
  Orcish Mines |   2936 |   2815 |    121 |    812 |   1019 |   2 | 1468.0 |
         Abyss |    792 |    792 |      0 |    175 |      0 |   4 |  198.0 |
      Ice Cave |    693 |    693 |      0 |    311 |    164 |   1 |  693.0 |
      Gauntlet |    681 |    681 |      0 |    148 |    236 |   1 |  681.0 |
               +--------+--------+--------+--------+--------+-----+--------+

Top non-repeatable levels by time:
     D:6: 1719 daAuts
   Orc:2: 1619 daAuts
  Lair:4: 1544 daAuts
     D:1: 1425 daAuts
   Orc:1: 1317 daAuts
  Lair:5: 1317 daAuts
     D:3: 1308 daAuts
     D:5: 1277 daAuts
     D:9: 1257 daAuts
     D:7: 1236 daAuts
  Lair:1: 1218 daAuts
  Lair:3: 1174 daAuts
     D:4: 1160 daAuts
     D:2: 1030 daAuts
    D:10: 909 daAuts
